 Dungeon Crawl Stone Soup version 0.29-a0-284-gf9362112df (webtiles) character file.

Game seed: 12783890060479884169

94 sammy202020 the Skirmisher (level 4, -2/55 HPs)
             Began as a Demonspawn Berserker on Mar 23, 2022.
             Was a Follower of Trog.
             Slain by a sixfirhy (10 damage)
             ... summoned by a kobold demonologist
             ... on level 7 of the Dungeon.
             The game lasted 00:03:14 (3482 turns).

sammy202020 the Skirmisher (Demonspawn Berserker)   Turns: 3482, Time: 00:03:15

Health: -2/55      AC: 11    Str: 17    XL:     4   Next: 38%
Magic:  4/4        EV: 11    Int: 11    God:    Trog [*.....]
Gold:   197        SH:  0    Dex: 12    Spells: 3/3 levels left

rFire   + . .      SeeInvis .   a - +0 hand axe
rCold   . . .      Faith    .   (no shield)
rNeg    . . .      Spirit   .   d - +0 chain mail
rPois   .          Reflect  .   (no helmet)
rElec   .          Harm     .   n - +0 cloak
rCorr   .          Rampage  .   b - +0 pair of gloves
Will    .....                   (no boots)
Stlth   ..........              (no amulet)
HPRegen 0.18/turn               j - ring of protection from fire
MPRegen 0.09/turn               q - +4 ring of evasion

@: berserking, lethally poisoned (-2 -> -3), slowed
A: foul stench 2
a: Renounce Religion, Berserk


You were on level 7 of the Dungeon.
You worshipped Trog.
Trog was aware of your devotion.
You visited 1 branch of the dungeon, and saw 5 of its levels.

You collected 197 gold pieces.

Inventory:

Hand Weapons
 a - a +0 hand axe (weapon)
 l - a +0 hand axe
 r - a +3 flail
Missiles
 k - 12 poisoned darts (quivered)
 o - 3 boomerangs
Armour
 b - a +0 pair of gloves (worn)
 d - a +0 chain mail (worn)
 n - a +0 cloak (worn)
Jewellery
 j - a ring of protection from fire (left hand)
 q - a +4 ring of evasion (right hand)
Scrolls
 c - 2 scrolls of identify {unknown}
 i - a scroll of teleportation {unknown}
Potions
 e - 3 potions of heal wounds {unknown}
 f - a potion of might {unknown}
 g - 3 potions of degeneration {unknown}
 h - a potion of haste {unknown}
 p - 2 potions of attraction {unknown}


   Skills:
 * Level 3.7 Fighting
 * Level 3.4 Axes
 * Level 2.7 Armour
 + Level 2.2 Dodging


You had 3 spell levels left.
You didn't know any spells.
Your spell library was empty.

Dungeon Overview and Level Annotations

Branches:
Dungeon (4/15)
 Temple: D:4-7

Altars:
Dithmenos


Innate Abilities, Weirdness & Mutations

You sometimes emit foul miasma when damaged in melee.


Message History

A kobold brigand and a kobold come into view.
The kobold brigand is wielding a +0 short sword and quivering curare-tipped darts.
The kobold shouts!
A kobold demonologist comes into view. It is wielding a +0 dagger.
The kobold moves out of view.
A kobold demonologist comes into view. It is wielding a +0 dagger.
A kobold comes into view. It is wielding a +0 short sword.
Found 16 stones and a tower shield.
The kobold shouts!
The kobold throws a stone.
The stone hits you but does no damage.
The kobold brigand throws a curare-tipped dart.
The curare-tipped dart hits you.
You are poisoned.
You have difficulty breathing.
You feel yourself slow down.
You feel very sick. The orc attacks as you move away!
The orc barely misses you.
You feel very sick.
The kobold demonologist mumbles some strange words.
The kobold throws a stone.
The stone hits you but does no damage. The orc hits you but does no damage.
The kobold demonologist gestures wildly while chanting.
You feel sick.
The orc wizard mumbles some strange words.
The orc wizard flickers and vanishes!
Deactivating autopickup; reactivate with Ctrl-A.
The orc priest attacks as you move away!
The orc priest barely misses you.
You feel sick.
The orc priest invokes the aid of Beogh against you.
Pain shoots through your body!
* * * LOW HITPOINT WARNING * * *
The kobold demonologist looks encouraged for a moment.
The kobold demonologist gestures wildly while chanting.
The sixfirhy closely misses you.
A red film seems to cover your vision as you go berserk!
You feel yourself moving faster!
You feel mighty!
You feel sick.
The kobold demonologist mumbles some strange words.
You miss the sixfirhy.
You feel sick. The sixfirhy hits you.
* * * LOW HITPOINT WARNING * * *
The sixfirhy shocks you!
You die...

# #≈.# #.## #.
#≈.###..#
#.##≈..##..######
≈≈≈≈≈............
(...............#
####...........#
#.o.........#
#########o..5.......#
#......@35.K...?....#
#.########55K.......#
#..[45...$##
#........##
#..[.....# #........
.......


You could see 2 kobold demonologists, a sixfirhy (summoned), a chaos spawn
(summoned), an orc priest, a crimson imp (summoned), a white imp (summoned), an
orc and 3 ufetubi.

Vanquished Creatures
  An orc wizard (D:3)
  An adder (D:3)
  3 worms (D:2)
  6 orcs
  4 ball pythons
  2 bats
  9 endoplasms
  2 giant cockroaches (D:1)
  6 goblins
  A hobgoblin (D:3)
  2 quokkas
  3 frilled lizards
  3 kobolds
  A rat (D:2)
44 creatures vanquished.

Notes
Turn   | Place    | Note
-------+----------+-------------------------------------------
     0 | D:1      | sammy202020 the Demonspawn Berserker began the quest for
                  | the Orb.
     0 | D:1      | Reached XP level 1. HP: 18/18 MP: 1/1
    65 | D:1      | Found a faded altar of an unknown god.
   267 | D:1      | Gained mutation: You may rarely emit foul miasma when
                  | damaged in melee. [demonic ancestry]
   267 | D:1      | Reached XP level 2. HP: 22/24 MP: 2/2
  1208 | D:2      | Found a shadowy altar of Dithmenos.
  1282 | D:2      | Reached XP level 3. HP: 11/29 MP: 3/3
  2524 | D:3      | Gained mutation: You sometimes emit foul miasma when
                  | damaged in melee. [demonic ancestry]
  2524 | D:3      | Reached XP level 4. HP: 23/37 MP: 4/4
  2995 | D:3      | Reached ** piety under Trog
  3474 | D:4      | You fall into a shaft and drop 3 floors!
  3474 | D:7      | Noticed an orc warrior
  3475 | D:7      | Noticed a kobold brigand
  3475 | D:7      | Noticed a kobold demonologist
  3476 | D:7      | Noticed a kobold demonologist
  3479 | D:7      | Noticed a sixfirhy
  3481 | D:7      | Noticed a chaos spawn
  3482 | D:7      | Slain by a sixfirhy

Illustrated notes

Levels and vault maps discovered:
D:1:      dpeg_arrival_stonehenge_8_columns, layout_loops_ring,
          shapermc_ecumenical_altar_starsandcircs
D:2:      layout_basic, basic_altar, minivault_24
D:3:      layout_loops_cross
D:4:      layout_loops_corners
D:7:      layout_basic, tgw_kikubaaqudgha, yredelemnul_forgotten_temple_becter,
          jmf_multi_god_temple2, enter_bailey_3, serial_shops,
          nicolae_shop_advertising_works [nicolae_subvault_shop_adworks],
          serial_curves, eino_curves_02, eino_curves_04, eino_curves_01,
          eino_curves_04, minmay_misc_feat_room

Skill      XL: |  1  2 |
---------------+-------+-----
Armour         | 2 |  2.7
Axes           | 3 |  3.4
Dodging        | 2 |  2.2
Fighting       | |  3.7

Action                   |  1- 3 |  4- 6 || total
-------------------------+-------+-------++-------
Melee: Hand axe          |   104 |    38 ||   142
       Punch             |     2 |       ||     2
Invok: Berserk           |       |     1 ||     1
Armor: Chain mail        |    51 |    25 ||    76
Dodge: Dodged            |    35 |    12 ||    47

Table legend: (Time is in decaauts)
 A = Elapsed time spent in this place.
 B = Non-inter-level travel time spent in this place.
 C = Inter-level travel time spent in this place.
 D = Time resting spent in this place.
 E = Time spent auto-exploring this place.
 F = Levels seen in this place.
 G = Mean time per level.
                   A        B        C        D        E       F      G
               +--------+--------+--------+--------+--------+-----+--------+
         Total |   3504 |   3450 |     54 |      0 |   2968 |   5 |  700.8 |
       Dungeon |   3504 |   3450 |     54 |      0 |   2968 |   5 |  700.8 |
               +--------+--------+--------+--------+--------+-----+--------+

Top non-repeatable levels by time:
     D:2: 1403 daAuts
     D:3: 1158 daAuts
     D:1: 776 daAuts
     D:4: 155 daAuts
     D:7: 10 daAuts
